AoeStats
← 文風

Marketplace

506069002Analyzed
1v1 RM · 21d ago on Sep 12, 2026· 35m 15s· 2 players
Game mode
Random Map
Map size
Tiny (2 player)
Population
200
Speed
Normal
Resources
Standard
Victory
Conquest
Starting age
Dark Age
Ending age
Imperial Age
RankedLock teamsTeams togetherTeam positionsShared explorationLock speedFull tech treeHidden civsTurbo modeCheats
Victory
Defeat
🇫🇷 Gurjaras · France
1403
+18
🇭🇰 Spanish · Hong Kong SAR China
1441
-18
Gigirarkov
6:42 Loom
8:55 Feudal Age
9:31 Double-Bit Axe
9:37 Horse Collar
15:29 Wheelbarrow
17:32 Forging
21:32 Castle Age
20:01 Gold Mining
20:41 Bloodlines
20:40 Scale Barding Armor
22:44 Chain Barding Armor
21:56 Light Cavalry
24:21 Iron Casting
24:40 Husbandry
27:16 Bow Saw
28:38 Gold Shaft Mining
35:06 Imperial Age
33:12 Heavy Plow
33:26 Stone Mining
文風
12:26 Feudal Age
16:34 Castle Age
17:11 Double-Bit Axe
22:39 Bow Saw
24:19 Wheelbarrow
26:35 Gold Mining
33:07 Horse Collar
37:46 Imperial Age
Connection lost

Rejoining the realm…

Still unreachable

The connection could not be restored.

Session expired

The server has moved on; the page needs a fresh start.